 Dungeon Crawl Stone Soup version 0.21.1-1-g345015fe64 (webtiles) character file.

1499944 epok the Slayer (level 27, 195/195 HPs)
             Began as a Gargoyle Berserker on Apr 8, 2018.
             Was an Elder of Trog.
             Escaped with the Orb
             ... and 3 runes on Apr 10, 2018!
             The game lasted 11:21:37 (102543 turns).

epok the Slayer (Gargoyle Berserker)              Turns: 102543, Time: 11:21:37

Health: 195/195    AC: 67    Str: 23    XL:     27
Magic:  10/10      EV: 23    Int: 11    God:    Trog [****..]
Gold:   2081       SH:  6    Dex: 24    Spells: 26/26 levels left

rFire    + + .     SeeInvis +   a - +9 great mace (antimagic)
rCold    + + .     Gourm    .   (shield currently unavailable)
rNeg     + + .     Faith    .   Z - +10 plate armour {MR+}
rPois    ∞         Spirit   .   w - +3 crown of Dyrovepreva {rElec Int+2 SInv}
rElec    +         Reflect  +   g - scarf {repulsion}
rCorr    .         Harm     .   J - +0 pair of gloves of Mumblety Peg {Dex+6}
MR       +++..                  N - +2 pair of boots of the Assassin {Detection Stab+ Stlth++}
Stlth    ..........             I - +6 amulet of reflection
HPRegen  0.42/turn              f - ring of Departure {+Blink rF+ rC++ rN+}
MPRegen  0.12/turn              M - ring "Qenock" {rElec rF+ AC+4 Str+3}

@: repel missiles
A: big wings, yellow scales 1, mutation resistance 1, negative energy resistance
1, electricity resistance, weak 2, unbreathing, petrification resistance, rot
immunity, AC +20
0: Orb of Zot
}: 3/15 runes: barnacled, silver, gossamer
a: Fly, Berserk, Trog's Hand, Brothers in Arms, Burn Spellbooks, Renounce
Religion, Evoke Blink


You escaped.
You worshipped Trog.
Trog was greatly pleased with you.
You were not hungry.

You visited 10 branches of the dungeon, and saw 52 of its levels.
You visited the Abyss 1 time.
You also visited: Sewer.

You collected 8991 gold pieces.
You spent 6910 gold pieces at shops.

Inventory:

Hand Weapons
 a - a +9 antimagic great mace (weapon)
 b - the +7 longbow "Piercer" {penet, EV-2}
   (You found it on level 4 of the Depths)

   Ammo fired by it will pass through the targets it hits, potentially hitting
   all targets in its path until it reaches maximum range.
   It affects your evasion (-2).
 r - a +9 great mace of freezing
Missiles
 X - 1386 arrows
Armour
 g - a scarf of repulsion (worn)
 w - the +3 crown of Dyrovepreva (worn) {rElec Int+2 SInv}
   (You acquired it on level 15 of the Dungeon)

   It affects your intelligence (+2).
   It insulates you from electricity.
   It lets you see invisible.
 J - the +0 pair of gloves of Mumblety Peg (worn) {Dex+6}
   (You took it off Nikola on level 3 of the Shoals)

   It affects your dexterity (+6).
 N - the +2 pair of boots of the Assassin (worn) {Detection Stab+ Stlth++}
   (You found it on level 5 of the Vaults)

   It makes you much more stealthy.
 Z - a +10 plate armour of magic resistance (worn)
Jewellery
 f - the ring of Departure (left hand) {+Blink rF+ rC++ rN+}
   (You found it on level 3 of the Crypt)

   [ring of positive energy]

   It protects you from fire.
   It greatly protects you from cold.
   It protects you from negative energy.
   It lets you blink.
 I - a +6 amulet of reflection (around neck)
 M - the ring "Qenock" (right hand) {rElec rF+ AC+4 Str+3}
   (You found it on level 7 of the Dungeon)

   [ring of protection]

   It affects your AC (+4).
   It affects your strength (+3).
   It protects you from fire.
   It insulates you from electricity.
 P - the ring "Anye" {rC+ rN+ Str+3}
   (You found it on level 3 of the Crypt)

   [ring of positive energy]

   It affects your strength (+3).
   It protects you from cold.
   It protects you from negative energy.
 V - an uncursed ring of protection from cold
Wands
 j - a wand of disintegration (9)
 k - a wand of iceblast (26)
 m - a wand of flame (153)
 O - a wand of digging (28)
 S - a wand of clouds (15)
 U - a wand of paralysis (22)
 Y - a wand of acid (32)
Scrolls
 i - 4 scrolls of holy word
 n - 17 scrolls of fog
 o - 14 scrolls of identify
 p - 31 scrolls of remove curse
 q - 19 scrolls of teleportation
 s - 3 scrolls of immolation
 t - 2 scrolls of blinking
 v - 5 scrolls of magic mapping
 y - 4 scrolls of enchant armour
 E - 4 scrolls of silence
 G - 10 scrolls of fear
 L - a scroll of brand weapon
Potions
 h - 6 potions of curing
 l - 4 potions of invisibility
 x - 15 potions of lignification
 B - 5 potions of agility
 H - 4 potions of mutation
Books
 R - a book of Transfigurations

   Spells                             Type                      Level
   a - Irradiate                      Conjuration/Transmutation    5
   b - Statue Form                    Transmutation/Earth          6
   c - Hydra Form                     Transmutation                6
   d - Dragon Form                    Transmutation                7
   Trog disapproves of the use of such an item.
 T - a book of Debilitation

   Spells                             Type                      Level
   a - Corona                         Hexes                        1
   b - Slow                           Hexes                        2
   c - Inner Flame                    Hexes/Fire                   3
   d - Portal Projectile              Hexes/Translocation          3
   e - Cause Fear                     Hexes                        4
   f - Leda's Liquefaction            Hexes/Earth                  4
   Trog disapproves of the use of such an item.
Miscellaneous
 d - 3 sacks of spiders
 A - a phantom mirror
 F - a lightning rod (4/4)
 Q - a lamp of fire (inert)
Comestibles
 c - 41 rations


   Skills:
 + Level 25.9 Fighting
 - Level 21.0 Maces & Flails
 - Level 21.0 Bows
 - Level 25.0 Armour
 - Level 19.0 Dodging
 + Level 11.4 Evocations


You had 26 spell levels left.
You didn't know any spells.

Dungeon Overview and Level Annotations

Branches:
Dungeon (15/15)            Temple (0/1) D:6            Lair (6/6) D:8
 Shoals (4/4) Lair:3       Spider (4/4) Lair:2        Slime (0/5) Lair:6
    Orc (2/2) D:10            Elf (3/3) Orc:2        Vaults (5/5) D:14
  Crypt (3/3) Vaults:3       Tomb (0/3) Crypt:3      Depths (5/5) D:15
    Zot (5/5) Depths:5

Altars:
Ashenzari
Elyvilon
Fedhas
Kikubaaqudgha
Okawaru
Qazlal
Ru
Trog
Vehumet
Wu Jian
Xom
Yredelemnul
Beogh

Shops:
D:13 =   D:14 (   D:15 (   Orc:1 *(:*   Orc:2 !:(:   Vaults:2 [   Vaults:4 [
Depths:2 *

Portals:
Hell: Depths:1 Depths:2 Depths:3 Depths:4 Depths:5
Abyss: Depths:1 Depths:3 Depths:4 Depths:5
Pandemonium: Depths:1 Depths:3
Ziggurat: Depths:2
Trove: Depths:3 (give Reference Book on the Unstable Birds)

Annotations:
D:12 exclusion: ice statue
D:15 1 runed door
Elf:1 2 transporters, exclusion: obsidian statue
Crypt:3 1 exclusion


Innate Abilities, Weirdness & Mutations

You are resistant to torment.
Your stone body is resilient. (AC +20)
You are immune to poison.
Your large and strong wings let you fly indefinitely.
You resist negative energy. (rN+)
You are resistant to electric shocks. (rElec)
You can survive without breathing.
You are immune to petrification.
You are immune to rotting.
You are partially covered in yellow scales. (AC +2)
You are somewhat resistant to further mutation.
You are very weak. (Str -4)


Message History

You climb upwards.
There is a stone staircase leading down here.
You block the sun demon's attack.
You bludgeon the sun demon!!
The sun demon is heavily wounded.
The sun demon hits you but does no damage.
You bludgeon the sun demon!!
The sun demon is almost dead.
The sun demon misses you.
You sock the sun demon!
You kill the sun demon!
Trog accepts your kill.
A crimson imp comes into view.
The crimson imp shouts!
There is a stone staircase leading up here.
You climb upwards.
There is a stone staircase leading down here.
There is an open door here.
There is a staircase leading out of the dungeon here.
You have escaped!

............................#.##.
...............########....##.##.
...............# #....##.##.
####...........# #....##.##.
..)............# #....##.##.
####...........# #....##.###
########'#### #..)..#.#
#.######## #.....#.# #.##..@..##
#.....#'### #.#.......#
#.......... ####.#.......#
#####...... ## #....#.......#
#...... .# #....#..≈≈§..# ##.....
.# #....#.≈≈≈≈≈.# #.....
.#######....#.§≈$≈≈.# #.....
......##....#.≈≈>≈≈.# ##'###
.####.##....#.≈≈§§≈.# #..##


There were no monsters in sight!

Vanquished Creatures
  Tiamat (Zot:1)
  6 orbs of fire
  7 ancient liches
  Bai Suzhen (Shoals:4)
  Xtahua (Crypt:1)
  3 Killer Klowns
  Nikola (Shoals:3)
  7 golden dragons
  A profane servitor (Crypt:3)
  Jory (Depths:5)
  3 bone dragons
  3 electric golems
  Jorgrun (Vaults:4)
  18 tentacled monstrosities
  Rupert (Lair:4)
  5 liches
  18 Orb Guardians (Zot:5)
  3 deep elf blademasters
  3 deep elf master archers (Elf:3)
  2 titans (Vaults:5)
  Asterion (Spider:3)
  4 quicksilver dragons
  The ghost of VanClaymore the Peltast, an adept GrMo of Qazlal (Shoals:4)
  10 death cobs
  6 ancient champions (Crypt:3)
  3 thorn hunters (Depths:2)
  5 sphinxes
  Polyphemus (Shoals:3)
  2 krakens (Shoals:4)
  6 shadow dragons
  6 tengu reavers
  Kirke (D:12)
  6 draconian monks
  Ilsuiw (Shoals:4)
  Donald (Elf:2)
  20 storm dragons
  11 frost giants
  2 revenants
  2 iron dragons
  11 fire giants
  6 draconian knights
  A caustic shrike zombie (Crypt:1)
  11 deep elf sorcerers
  Aizul (Shoals:3)
  An orc warlord (Vaults:1)
  10 vault wardens
  Louise (Depths:3)
  6 draconian scorchers
  6 ghost moths
  A balrug (Depths:2)
  5 draconian annihilators
  4 spriggan defenders
  6 ghouls
  4 draconian stormcallers
  4 deep elf elementalists
  8 ironheart preservers
  4 curse skulls
  3 reapers
  4 emperor scorpions
  8 draconian shifters
  10 vampire knights
  23 very ugly things
  22 stone giants
  5 entropy weavers
  14 green draconians
  5 war gargoyles
  8 yellow draconians
  13 deep elf annihilators
  A dire elephant (shapeshifter) (Vaults:5)
  14 black draconians
  11 white draconians
  4 deep elf demonologists
  12 purple draconians
  10 spark wasps
  Azrael (Orc:1)
  13 red draconians
  10 ettins
  5 merfolk impalers
  3 mummy priests (Crypt:3)
  11 deep elf death magi
  11 merfolk javelineers
  8 jiangshi
  2 eidola
  The ghost of Orcmeat the Destroyer, a journeyman GnCj of Okawaru (Lair:1)
  A yaktaur captain (shapeshifter) (Vaults:2)
  8 fire dragons
  12 deep elf high priests
  26 yaktaur captains
  The ghost of Bal the Cudgeler, a journeyman DsGl of Hepliaklqana (D:13)
  10 great orbs of eyes
  2 rakshasas
  A quicksilver dragon skeleton (Crypt:1)
  9 hydras
  13 ice dragons
  25 vault guards
  2 catoblepae
  5 spriggan air magi
  3 merfolk avatars
  4 death knights
  2 alligator snapping turtles
  8 centaur warriors
  19 ogre magi
  35 dancing weapons
  4 satyrs
  A queen ant (Lair:6)
  2 alligators (Depths:2)
  3 merfolk aquamancers (Shoals:4)
  The ghost of Carigen the Slinger, a journeyman HaHu of Hepliaklqana (Lair:1)
  31 two-headed ogres
  8 death scarabs (Spider:4)
  8 deep troll earth magi
  6 deep troll shamans
  6 tengu warriors
  8 vampire magi
  14 death yaks
  A titan zombie (Crypt:2)
  A soul eater (Crypt:2)
  4 spriggan berserkers
  Nergalle (Orc:2)
  An orc high priest (Orc:2)
  38 deep elf knights
  3 sun demons
  The ghost of Fymir27 the Cleaver, a novice DrBe of Trog (D:9)
  7 iron trolls
  The ghost of epok the Basher, a novice GrBe of Trog (Lair:1)
  2 fire crabs (shapeshifter)
  40 skeletal warriors
  A shadow wraith (Vaults:4)
  A titan skeleton (Crypt:3)
  2 unseen horrors
  The ghost of Ursun the Fighter, a novice OgBe of Trog (D:5)
  13 hell knights
  31 deep trolls
  A sixfirhy (Abyss:2)
  2 glowing orange brains
  22 sea snakes
  The ghost of error the Sneak, a novice OpAE of Yredelemnul (D:8)
  A deep troll (shapeshifter) (Elf:2)
  6 flayed ghosts
  6 wizards
  3 swamp dragons
  10 ironbrand convokers
  4 spectral wolf spiders (Spider:4)
  A lindwurm (shapeshifter) (Vaults:1)
  Pikel (D:7)
  20 deep elf archers
  33 harpies
  2 lindwurms (Lair:6)
  15 phantasmal warriors
  19 orb spiders
  36 wolf spiders
  12 orc knights
  6 necromancers
  6 cyclopes
  A sphinx skeleton (Crypt:1)
  A frost giant zombie (Depths:2)
  A salamander (Depths:1)
  6 orc sorcerers
  53 deep elf magi
  16 manticores
  26 fauns
  53 ugly things
  12 merfolk sirens
  2 wolf spider zombies
  A frost giant skeleton (Crypt:3)
  A dire elephant zombie (Crypt:1)
  A guardian serpent (shapeshifter) (Depths:4)
  25 moths of wrath
  3 black mambas (Lair:6)
  A stone giant skeleton (Depths:2)
  9 vault sentinels
  A shock serpent zombie (Crypt:2)
  A rust devil (Depths:5)
  6 water nymphs
  5 spectral redbacks (Spider:4)
  A gargoyle (D:14)
  7 torpor snails
  A smoke demon (Depths:1)
  9 spiny frogs
  A shock serpent skeleton (Crypt:1)
  72 yaktaurs
  13 freezing wraiths
  17 demonic crawlers
  10 komodo dragons
  A spriggan skeleton (Depths:2)
  A sea snake zombie (Crypt:2)
  5 rime drakes
  2 komodo dragons (shapeshifter)
  A yaktaur (shapeshifter) (Vaults:2)
  A hellwing (Depths:1)
  9 tengu conjurers
  42 jumping spiders
  2 redback zombies (Spider:4)
  10 guardian mummies (Crypt:3)
  10 wind drakes
  36 merfolk
  7 tyrant leeches
  4 polar bears
  A hydra zombie (Crypt:3)
  A meliai (shapeshifter) (Depths:1)
  A queen bee (shapeshifter) (Vaults:3)
  7 trolls
  A hornet (shapeshifter) (Vaults:1)
  4 spectral tarantellas (Spider:4)
  A hippogriff (shapeshifter) (Vaults:1)
  An iron dragon simulacrum (Crypt:3)
  A raiju (Abyss:2)
  14 hippogriffs
  3 spectral jumping spiders (Spider:4)
  19 blink frogs
  46 slime creatures
  26 hornets
  A minotaur skeleton (Crypt:2)
  8 snapping turtles
  A bog body (Crypt:1)
  A satyr zombie (Crypt:2)
  12 dream sheep
  A dream sheep (shapeshifter) (Vaults:5)
  2 tarantella zombies (Spider:4)
  A guardian serpent skeleton (Crypt:3)
  A stone giant simulacrum (Crypt:1)
  Sigmund (D:5)
  A centaur simulacrum (D:15)
  13 air elementals
  94 redbacks
  4 wyverns
  6 spriggans
  14 water elementals
  27 yaks
  2 ushabtiu (Crypt:3)
  3 large abominations
  4 shadows
  2 vampires
  36 tarantellas
  A wyvern (shapeshifter) (Vaults:5)
  A ynoxinul (Depths:2)
  3 basilisks (shapeshifter)
  3 hogs (D:12)
  7 wraiths
  4 fire elementals
  A fire bat (shapeshifter) (Depths:1)
  A hungry ghost (D:8)
  A wind drake skeleton (Crypt:2)
  2 steam dragons (Lair:6)
  6 vampire mosquitoes
  4 swamp worms (Depths:2)
  A swamp worm (shapeshifter) (Depths:4)
  Menkaure (D:4)
  7 soldier ants
  A warg (shapeshifter) (Depths:1)
  6 wargs
  2 nagas (shapeshifter) (D:15)
  6 hell hounds
  Duvessa (D:4)
  4 acid dragons
  9 porcupines
  4 swamp drakes
  A monstrous demonspawn skeleton (Crypt:1)
  A torturous demonspawn skeleton (Crypt:3)
  13 water moccasins
  An eye of draining (shapeshifter) (D:15)
  2 slaves (D:7)
  5 ice beasts
  2 sky beasts
  2 phantoms
  A black bear (D:9)
  36 orc warriors
  6 boggarts
  22 ogres
  42 wolves
  5 centaurs
  17 crocodiles
  Blork the orc (D:4)
  10 big kobolds
  A salamander zombie (Crypt:1)
  A bullfrog (shapeshifter) (D:15)
  A rime drake skeleton (Crypt:1)
  21 bullfrogs
  6 earth elementals
  A gnoll sergeant (D:12)
  A wyvern zombie (D:14)
  Dowan (D:4)
  8 scorpions
  A cyclops skeleton (Crypt:1)
  An elf simulacrum (Vaults:1)
  12 killer bees
  A snapping turtle simulacrum (Crypt:3)
  4 electric eels
  2 yak skeletons (Crypt:2)
  26 wights
  3 howler monkeys
  A troll skeleton (Crypt:1)
  A wolf zombie (Crypt:1)
  12 crimson imps
  2 bullfrog zombies
  6 centaur zombies
  5 jellies
  A human simulacrum (Vaults:1)
  A lava snake (D:14)
  5 centaur skeletons
  9 hounds
  36 orc wizards
  15 orc priests
  4 bullfrog skeletons
  10 iguanas
  Ijyb (D:5)
  8 hell rats (Lair:2)
  24 worker ants
  A tengu zombie (Crypt:3)
  A naga skeleton (Crypt:1)
  2 hound zombies
  A hound skeleton (D:10)
  3 mummies (Crypt:3)
  A worker ant zombie (D:7)
  Robin (D:4)
  7 gnolls
  A howler monkey skeleton (Crypt:3)
  14 adders
  17 river rats (Lair:2)
  A swamp drake zombie (Crypt:3)
  2 shadow imps
  2 white imps (D:12)
  13 oozes
  An iguana zombie (Crypt:3)
  3 adder skeletons
  6 worms
  4 dart slugs
  7 leopard geckos
  110 orcs
  4 ball pythons
  16 bats
  A bat skeleton (Crypt:2)
  6 giant cockroaches
  21 goblins
  11 hobgoblins
  19 jackals
  12 quokkas
  7 frilled lizards
  A goblin skeleton (Crypt:2)
  A goblin zombie (Crypt:1)
  2 jackal skeletons
  A jackal zombie (Crypt:3)
  34 kobolds
  2 leopard gecko skeletons
  15 rats
  A rat skeleton (Crypt:2)
  2 crawling corpses (Elf:3)
  A plant (Lair:6)
  5 tentacles (Shoals:4)
2814 creatures vanquished.

Vanquished Creatures (collateral kills)
  A golden dragon (Zot:4)
  A Killer Klown (Zot:5)
  the Enchantress (Depths:2)
  5 Orb Guardians (Zot:5)
  A frost giant (Vaults:3)
  A vault warden (Vaults:4)
  A spriggan defender (Depths:2)
  A black draconian (Zot:4)
  2 yellow draconians (Zot:4)
  An ettin (Depths:2)
  A yaktaur captain (Vaults:4)
  2 spriggan air magi (Depths:2)
  An alligator (Depths:2)
  A deep troll (Vaults:3)
  An ironbrand convoker (Vaults:3)
  2 vault sentinels (Vaults:3)
  A yaktaur (Vaults:4)
  A spriggan (Depths:2)
  A swamp worm (Depths:2)
  An orc warrior (Vaults:4)
  An orc (Vaults:4)
28 creatures vanquished.

Vanquished Creatures (others)
  A deep elf master archer (Elf:3)
  A stone giant (Depths:5)
  A deep elf annihilator (Elf:1)
  A deep elf high priest (Depths:4)
  2 yaktaur captains
  A two-headed ogre (Depths:2)
  A centaur warrior (D:13)
  A spriggan air mage (Depths:3)
  A hell knight (Depths:4)
  2 cyclopes
  A faun (Shoals:1)
  A deep elf mage (Elf:1)
  A merfolk siren (Shoals:4)
  12 yaktaurs
  A jumping spider (Spider:4)
  A slave (D:7)
  An air elemental (Elf:1)
  A water elemental (Elf:1)
  A water moccasin (D:7)
  2 sky beasts (D:7)
  A necrophage (D:7)
  2 ogres
  2 centaurs
  2 orcs
  A goblin (Orc:1)
  23 fungi
  29 plants
  20 tentacles (Shoals:4)
  9 toadstools (D:2)
  A withered plant (Shoals:4)
124 creatures vanquished.

Grand Total: 2966 creatures vanquished

Notes
Turn   | Place    | Note
-------+----------+-------------------------------------------
     0 | D:1      | epok the Gargoyle Berserker began the quest for the Orb.
     0 | D:1      | Reached XP level 1. HP: 14/14 MP: 1/1
   189 | D:1      | Found an ornate altar of the Wu Jian Council.
   201 | D:1      | Reached XP level 2. HP: 19/19 MP: 2/2
   609 | D:1      | Reached XP level 3. HP: 19/24 MP: 3/3
   962 | D:2      | Found a shimmering altar of Xom.
   973 | D:2      | Found a white marble altar of Elyvilon.
   981 | D:2      | Found a transporter.
  1168 | D:2      | Reached ** piety under Trog
  1470 | D:2      | Reached XP level 4. HP: 30/30 MP: 4/4
  1595 | D:2      | Found a transporter.
  2465 | D:2      | Reached XP level 5. HP: 34/34 MP: 5/5
  2469 | D:2      | Reached skill level 5 in Fighting
  2760 | D:3      | Reached skill level 5 in Maces & Flails
  2787 | D:3      | Noticed an ogre
  2794 | D:3      | Killed an ogre
  2794 | D:3      | Reached XP level 6. HP: 41/41 MP: 6/6
  2815 | D:3      | Reached *** piety under Trog
  3278 | D:3      | Received a gift from Trog
  3576 | D:3      | Found a sacrificial altar of Ru.
  3576 | D:3      | Found a basalt altar of Yredelemnul.
  3871 | D:4      | Got a jewelled ring mail
  3918 | D:4      | Reached XP level 7. HP: 43/47 MP: 7/7
  4049 | D:4      | Noticed Robin
  4105 | D:4      | Killed Robin
  4328 | D:4      | Noticed Dowan
  4329 | D:4      | Noticed Duvessa
  4571 | D:4      | Killed Duvessa
  4638 | D:4      | Killed Dowan
  4929 | D:5      | Entered Level 5 of the Dungeon
  5056 | D:5      | Noticed Ijyb
  5059 | D:5      | Reached **** piety under Trog
  5145 | D:5      | Noticed Sigmund
  5220 | D:5      | Noticed Blork the orc
  5688 | D:6      | Reached XP level 8. HP: 54/54 MP: 8/8
  5823 | D:6      | Found a shattered altar of Ashenzari.
  5964 | D:6      | Found a staircase to the Ecumenical Temple.
  6006 | D:6      | Found a glowing drain.
  6017 | Sewer    | Entered a sewer
  6323 | Sewer    | Reached XP level 9. HP: 55/60 MP: 9/9
  7019 | D:7      | Noticed Pikel
  7023 | D:7      | Killed Pikel
  7023 | D:7      | Reached skill level 10 in Fighting
  7251 | D:7      | Noticed a green ugly thing
  7315 | D:5      | Reached ***** piety under Trog
  7422 | D:5      | Noticed Menkaure
  7424 | D:5      | Noticed Ursun's ghost (novice OgBe)
  7432 | D:4      | Killed Menkaure
  7632 | D:4      | Killed Blork the orc
  7708 | D:5      | Killed Sigmund
  7818 | D:5      | Killed Ijyb
  7855 | D:5      | Reached skill level 10 in Maces & Flails
  7879 | D:5      | Killed Ursun's ghost
  7879 | D:5      | Reached XP level 10. HP: 48/70 MP: 10/10
  8107 | D:7      | Killed a green ugly thing
  8632 | D:7      | Got a scintillating tin ring
  8638 | D:7      | Got a smoking scale mail
  8745 | D:7      | Got an ancient great sword {slice}
  9346 | D:7      | Identified the ring "Qenock" {rElec rF+ AC+4 Str+3} (You found it on level 7 of the Dungeon)
  9363 | D:7      | Identified the cursed +0 scale mail of Articulation {Dex+2} (You found it on level 7 of the Dungeon)
  9363 | D:7      | Identified the +3 great sword of Anxiety {slice, *Noise rC++ Str+3} (You took it off an orc wizard on level 7 of the Dungeon)
  9813 | D:8      | Reached XP level 11. HP: 76/76 MP: 11/11
 10184 | D:8      | Found a blossoming altar of Fedhas.
 10274 | D:8      | Found a staircase to the Lair.
 10307 | D:8      | Noticed error's ghost (novice OpAE)
 10341 | D:8      | Killed error's ghost
 10734 | D:9      | Noticed a centaur warrior
 10748 | D:9      | Noticed Fymir27's ghost (novice DrBe)
 10749 | D:9      | Killed a centaur warrior
 10796 | Lair:1   | Entered Level 1 of the Lair of Beasts
 10851 | Lair:1   | Noticed epok's ghost (novice GrBe)
 10870 | Lair:1   | Killed epok's ghost
 10953 | Lair:1   | Noticed an eight-headed hydra
 10979 | Lair:1   | Received a gift from Trog
 10987 | Lair:1   | Killed an eight-headed hydra
 10992 | Lair:1   | Noticed Carigen's ghost (journeyman HaHu)
 11071 | Lair:1   | Killed Carigen's ghost
 11080 | Lair:1   | Noticed Orcmeat's ghost (journeyman GnCj)
 11130 | Lair:1   | Killed Orcmeat's ghost
 11297 | Lair:1   | Reached skill level 5 in Armour
 11454 | Lair:1   | Reached XP level 12. HP: 65/82 MP: 12/12
 12465 | Lair:2   | Found a hole to the Spider Nest.
 12899 | Lair:2   | Received a gift from Trog
 12902 | Lair:2   | Got a smoking dire flail {god gift}
 12903 | Lair:2   | Identified the +4 dire flail of Extinguishment {flame, rN+} (Trog gifted it to you on level 2 of the Lair of Beasts)
 14495 | Lair:3   | Found a staircase to the Shoals.
 14630 | Lair:3   | Reached skill level 10 in Armour
 15288 | Lair:4   | Noticed Rupert
 15311 | Lair:4   | Paralysed by Rupert for 3 turns
 15319 | Lair:4   | Paralysed by Rupert for 3 turns
 15340 | Lair:4   | Killed Rupert
 15340 | Lair:4   | Reached XP level 13. HP: 88/88 MP: 13/13
 16159 | Lair:4   | Received a gift from Trog
 16399 | Lair:5   | Reached skill level 5 in Bows
 17475 | Lair:6   | Entered Level 6 of the Lair of Beasts
 17483 | Lair:6   | Noticed an entropy weaver
 17526 | Lair:5   | Reached skill level 15 in Maces & Flails
 17594 | Lair:6   | Received a gift from Trog
 17638 | Lair:6   | Got a translucent fustibalus {god gift}
 18031 | Lair:6   | Killed an entropy weaver
 18038 | Lair:6   | Gained mutation: Your large and strong wings let you fly indefinitely. [Gargoyle growth]
 18038 | Lair:6   | Reached XP level 14. HP: 57/95 MP: 14/14
 18316 | Lair:6   | Noticed an entropy weaver
 18887 | Lair:6   | Found a staircase to the Slime Pits.
 19559 | Lair:6   | Killed an entropy weaver
 19650 | Lair:6   | Received a gift from Trog
 19732 | Lair:6   | Found a runed door.
 21472 | D:9      | Killed Fymir27's ghost
 21582 | D:9      | Found a stormy altar of Qazlal.
 21759 | D:10     | Entered Level 10 of the Dungeon
 22029 | D:10     | Received a gift from Trog
 22427 | D:10     | Received a gift from Trog
 22980 | D:10     | Found a staircase to the Orcish Mines.
 23208 | D:11     | Reached XP level 15. HP: 100/100 MP: 15/15
 23935 | D:11     | Reached skill level 10 in Bows
 24214 | Orc:1    | Entered Level 1 of the Orcish Mines
 24214 | Orc:1    | Found a roughly hewn altar of Beogh.
 24254 | Orc:1    | Found Noijif's Assorted Antiques.
 24346 | Orc:1    | Found a bloodstained altar of Trog.
 24619 | Orc:2    | Entered Level 2 of the Orcish Mines
 24820 | Orc:2    | Found a staircase to the Elven Halls.
 24869 | Orc:2    | Noticed Azrael
 24898 | Orc:1    | Found Noits's Antique Weapon Shoppe.
 24898 | Orc:1    | Found Votize's Assorted Antiques.
 24913 | Orc:1    | Killed Azrael
 24914 | Orc:1    | Found Pial's Book Emporium.
 25249 | Orc:2    | Received a gift from Trog
 25316 | Orc:2    | Found Piwiegoifu's Book Boutique.
 25387 | Orc:2    | Found an ancient bone altar of Kikubaaqudgha.
 25388 | Orc:2    | Noticed Nergalle
 25402 | Orc:2    | Killed Nergalle
 25481 | Orc:2    | Found Qeuxo's Antique Weapon Shop.
 25502 | Orc:2    | Reached ****** piety under Trog
 25512 | Orc:2    | Found a roughly hewn altar of Beogh.
 25515 | Orc:2    | Found Lienn's Distillery.
 25553 | Orc:2    | Found a radiant altar of Vehumet.
 25606 | Orc:2    | Found Nyazun's Book Boutique.
 25614 | Orc:2    | Bought a potion of brilliance for 56 gold pieces
 25688 | Orc:2    | Received a gift from Trog
 26803 | D:12     | Received a gift from Trog
 26850 | D:12     | Reached skill level 15 in Fighting
 26917 | D:12     | Noticed Kirke
 26936 | D:12     | Killed Kirke
 27375 | D:13     | Noticed Bal's ghost (journeyman DsGl)
 27589 | D:13     | Found Afaezumo's Jewellery Emporium.
 27921 | D:13     | Bought a +6 amulet of reflection for 760 gold pieces
 27921 | D:13     | Bought an uncursed ring of see invisible for 195 gold pieces
 28070 | D:13     | Killed Bal's ghost
 28993 | D:14     | Found Xekk's Weapon Shop.
 29141 | D:14     | Received a gift from Trog
 29178 | D:14     | Noticed a storm dragon
 29385 | D:14     | Found a gate to the Vaults.
 29389 | D:14     | Reached XP level 16. HP: 110/110 MP: 16/16
 29522 | D:14     | Received a gift from Trog
 29939 | D:14     | Killed a storm dragon
 30027 | D:14     | You fall through a shaft!
 30027 | D:15     | Entered Level 15 of the Dungeon
 30437 | D:15     | Found Luzxaor's Weapon Boutique.
 31126 | D:15     | Identified a scroll of acquirement
 31129 | D:15     | Found the +3 crown of Dyrovepreva {rElec Int+2 SInv}
 31432 | D:15     | Found a bloodstained altar of Trog.
 31638 | D:15     | Found a runed door.
 31789 | D:15     | Found a staircase to the Depths.
 32377 | Spider:1 | Entered Level 1 of the Spider Nest
 32380 | Spider:1 | Received a gift from Trog
 32623 | Spider:1 | Received a gift from Trog
 33076 | Spider:1 | Received a gift from Trog
 34036 | Spider:2 | Reached skill level 5 in Dodging
 34329 | Spider:2 | Reached XP level 17. HP: 109/116 MP: 17/17
 34875 | Spider:2 | Received a gift from Trog
 36754 | Spider:4 | Entered Level 4 of the Spider Nest
 36983 | Spider:4 | Received a gift from Trog
 37647 | Spider:4 | Noticed Asterion
 37897 | Spider:4 | Received a gift from Trog
 38019 | Spider:4 | Reached XP level 18. HP: 115/122 MP: 18/18
 38169 | Spider:3 | Killed Asterion
 39891 | Spider:4 | Received a gift from Trog
 39929 | Spider:4 | Got a gossamer rune of Zot
 40173 | Shoals:1 | Entered Level 1 of the Shoals
 40405 | Shoals:1 | You fall through a shaft!
 41154 | Shoals:1 | Received a gift from Trog
 41752 | Shoals:2 | Received a gift from Trog
 42101 | Shoals:2 | Received a gift from Trog
 42704 | Shoals:3 | Received a gift from Trog
 42728 | Shoals:2 | Reached XP level 19. HP: 130/130 MP: 19/19
 43227 | Shoals:3 | Noticed Nikola
 43424 | Shoals:3 | Received a gift from Trog
 43607 | Shoals:3 | Noticed Polyphemus
 43782 | Shoals:3 | Killed Nikola
 43819 | Shoals:3 | Noticed Aizul
 43840 | Shoals:3 | Killed Aizul
 44002 | Shoals:3 | Got a pair of bloodstained gloves
 44106 | Shoals:3 | Identified the +0 pair of gloves of Mumblety Peg {Dex+6} (You took it off Nikola on level 3 of the Shoals)
 44213 | Shoals:3 | Received a gift from Trog
 44418 | Shoals:3 | Killed Polyphemus
 44736 | Shoals:4 | Entered Level 4 of the Shoals
 44736 | Shoals:4 | Noticed Ilsuiw
 45363 | Shoals:3 | Received a gift from Trog
 45536 | Shoals:4 | Received a gift from Trog
 45660 | Shoals:4 | Reached skill level 15 in Armour
 46801 | Shoals:4 | Killed Ilsuiw
 47094 | Shoals:4 | Noticed VanClaymore's ghost (adept GrMo)
 47344 | Shoals:4 | Killed VanClaymore's ghost
 47651 | Shoals:4 | Noticed Bai Suzhen
 48018 | Vaults:1 | Entered Level 1 of the Vaults
 48054 | Vaults:1 | Reached skill level 10 in Dodging
 48592 | Vaults:1 | Reached XP level 20. HP: 134/137 MP: 20/20
 48733 | Vaults:1 | Received a gift from Trog
 50305 | Vaults:2 | Received a gift from Trog
 50756 | Vaults:2 | Found Ewiuni's Antique Armour Emporium.
 50891 | Vaults:2 | Reached skill level 15 in Bows
 52214 | Shoals:4 | Killed Bai Suzhen
 52358 | Shoals:4 | Received a gift from Trog
 52420 | Shoals:4 | Got a barnacled rune of Zot
 53300 | Vaults:3 | Reached XP level 21. HP: 143/143 MP: 21/21
 53537 | Vaults:3 | Received a gift from Trog
 54594 | Vaults:3 | Found the +8 glaive of the Guard {elec, +Rage AC+5 SInv}
 54821 | Vaults:3 | Received a gift from Trog
 55322 | Vaults:3 | Found a staircase to the Crypt.
 55322 | Vaults:3 | Found a basalt altar of Yredelemnul.
 55342 | Vaults:3 | Found an ancient bone altar of Kikubaaqudgha.
 55870 | Vaults:4 | Received a gift from Trog
 55961 | Vaults:4 | Received a gift from Trog
 56574 | Vaults:4 | Received a gift from Trog
 56868 | Vaults:4 | Found Gypo's Antique Armour Shop.
 57305 | Depths:1 | Entered Level 1 of the Depths
 57321 | Depths:1 | Received a gift from Trog
 57343 | Depths:1 | Reached XP level 22. HP: 151/152 MP: 22/22
 57470 | Depths:1 | Found an iron altar of Okawaru.
 57730 | Depths:1 | Found a gateway to Hell.
 57852 | Depths:1 | Found a one-way gate to the infinite horrors of the Abyss.
 57913 | Depths:1 | Found a one-way gate leading to the halls of Pandemonium.
 58801 | Depths:2 | Noticed the Enchantress
 59069 | Depths:2 | Found Xoezuyfe's Assorted Antiques.
 59076 | Depths:2 | Found Luygoxzi's Food Emporium.
 59299 | Depths:2 | Received a gift from Trog
 59721 | Depths:2 | Cast into level 2 of the Abyss (the Enchantress)
 59721 | Abyss:2  | Found a corrupted altar of Lugonu.
 59788 | Depths:2 | Escaped the Abyss
 59816 | Depths:2 | Killed the Enchantress
 59816 | Depths:2 | Received a gift from Trog
 60907 | Depths:2 | Found a gateway to a ziggurat.
 62274 | Depths:3 | Received a gift from Trog
 62317 | Depths:3 | Found a portal to a secret trove of treasure.
 62348 | Depths:3 | Noticed Louise
 62413 | Depths:3 | Killed Louise
 62413 | Depths:3 | Reached XP level 23. HP: 156/156 MP: 23/23
 62500 | Depths:3 | Received a gift from Trog
 63957 | Depths:4 | Received a gift from Trog
 64123 | Depths:4 | Reached skill level 15 in Dodging
 65015 | Depths:4 | Found the +7 longbow "Piercer" {penet, EV-2}
 65296 | Depths:4 | Received a gift from Trog
 65311 | Depths:4 | Got an ichor-stained great mace {god gift}
 65329 | Depths:4 | Noticed a golden dragon
 65352 | Depths:4 | Killed a golden dragon
 65446 | Depths:4 | Identified the +4 great mace of Leemif {elec, Dex+4} (Trog gifted it to you on level 4 of the Depths)
 66180 | Depths:4 | Reached XP level 24. HP: 147/166 MP: 23/23
 66554 | Depths:4 | Reached skill level 1 in Evocations
 66594 | Depths:4 | Received a gift from Trog
 67166 | Depths:4 | Reached skill level 5 in Evocations
 67596 | Vaults:5 | Entered Level 5 of the Vaults
 67648 | Vaults:5 | Noticed an ancient lich
 68015 | Vaults:5 | Noticed Jorgrun
 68024 | Vaults:4 | Killed an ancient lich
 68245 | Vaults:4 | Killed Jorgrun
 68677 | Vaults:5 | Noticed an ancient lich
 68706 | Vaults:5 | Killed an ancient lich
 69226 | Vaults:5 | Reached XP level 25. HP: 164/171 MP: 27/27
 69323 | Vaults:5 | Received a gift from Trog
 69406 | Vaults:5 | Found the +2 pair of boots of the Assassin {Detection Stab+ Stlth++}
 69413 | Vaults:5 | Got a twitching pewter ring
 69415 | Vaults:5 | Identified the ring "Oqeqot" {rF+ rC- MR+ Stlth+} (You found it on level 5 of the Vaults)
 70451 | Vaults:5 | Got a silver rune of Zot
 71598 | Depths:5 | Entered Level 5 of the Depths
 72023 | Depths:5 | Found a gate to the Realm of Zot.
 72594 | Depths:5 | Received a gift from Trog
 72701 | Depths:5 | Noticed Jory
 72734 | Depths:5 | Killed Jory
 73726 | Elf:1    | Entered Level 1 of the Elven Halls
 73769 | Elf:1    | Received a gift from Trog
 73995 | Elf:1    | Found a transporter.
 73995 | Elf:1    | Found a transporter.
 74261 | Elf:1    | Reached XP level 26. HP: 181/181 MP: 27/27
 74510 | Elf:1    | Received a gift from Trog
 75553 | Elf:2    | Found a runed gate.
 75553 | Elf:2    | Noticed Donald
 75574 | Elf:2    | Killed Donald
 75709 | Elf:2    | Found a runed gate.
 75758 | Elf:2    | Found a runed gate.
 75922 | Elf:2    | Received a gift from Trog
 76275 | Elf:2    | Received a gift from Trog
 77827 | Vaults:2 | Bought a pair of distressingly furry gloves for 370 gold pieces
 77837 | Vaults:2 | Identified the +2 pair of gloves of Mucsutat {MR- Regen+ rCorr} (You bought it in a shop on level 2 of the Vaults)
 77837 | Vaults:2 | Bought a pair of runed boots for 292 gold pieces
 78597 | Orc:1    | Bought a fine amber ring for 150 gold pieces
 78597 | Orc:1    | Identified the ring of Urireoc {rPois rC+ Str+2 Int+5 SInv} (You bought it in a shop on level 1 of the Orcish Mines)
 79927 | Elf:3    | Entered Level 3 of the Elven Halls
 79993 | Elf:3    | Received a gift from Trog
 81018 | Elf:3    | Received a gift from Trog
 82350 | Elf:3    | Received a gift from Trog
 82405 | Elf:3    | Found the +3 giant club "Skullcrusher" {speed, Str+7}
 82415 | Elf:3    | Found the +4 dagger "Morg" {pain, MR+ Int+5}
 82468 | Elf:3    | Got a pair of faintly glowing boots
 82469 | Elf:3    | Identified the +1 pair of boots of Xecun {rCorr Slay+2} (You found it on level 3 of the Elven Halls)
 84240 | Crypt:1  | Entered Level 1 of the Crypt
 84310 | Crypt:1  | Reached XP level 27. HP: 156/190 MP: 27/27
 84448 | Crypt:1  | Received a gift from Trog
 85537 | Crypt:1  | Noticed Xtahua
 85545 | Crypt:1  | Killed Xtahua
 86219 | Crypt:2  | Received a gift from Trog
 87170 | Crypt:3  | Entered Level 3 of the Crypt
 87830 | Crypt:3  | Noticed an ancient lich
 87843 | Crypt:3  | Killed an ancient lich
 89295 | Crypt:3  | Received a gift from Trog
 89523 | Crypt:3  | Found a staircase to the Tomb.
 89773 | Crypt:3  | Received a gift from Trog
 90115 | Crypt:3  | Received a gift from Trog
 90173 | Crypt:3  | Found an ancient bone altar of Kikubaaqudgha.
 90177 | Crypt:3  | Found a basalt altar of Yredelemnul.
 90214 | Crypt:3  | Identified the Guide on Evil Arts
 90226 | Crypt:3  | Got a coiled jade ring
 90226 | Crypt:3  | Got a fine emerald amulet
 90226 | Crypt:3  | Got a clouded copper ring
 90227 | Crypt:3  | Identified the ring of Departure {+Blink rF+ rC++ rN+} (You found it on level 3 of the Crypt)
 90228 | Crypt:3  | Identified the amulet "Lasan" {rElec Regen+ MP-9 Dex+2 SInv} (You found it on level 3 of the Crypt)
 90229 | Crypt:3  | Identified the ring "Anye" {rC+ rN+ Str+3} (You found it on level 3 of the Crypt)
 90690 | Zot:1    | Entered Level 1 of the Realm of Zot
 91593 | Zot:1    | Noticed Tiamat
 91653 | Zot:1    | Killed Tiamat
 92877 | Zot:2    | Received a gift from Trog
 94152 | Zot:3    | Noticed an orb of fire
 94176 | Zot:3    | Gained mutation: You are occasionally teleported next to monsters. [an orb of fire]
 94180 | Zot:3    | Killed an orb of fire
 94777 | Zot:3    | Got a scintillating lapis lazuli ring
 94778 | Zot:3    | Identified the ring "Ytatouse" {rF- MR+ Str+3 Dex+7} (You found it on level 3 of the Realm of Zot)
 95903 | Zot:4    | Received a gift from Trog
 96879 | Zot:4    | Received a gift from Trog
 98214 | Orc:1    | Bought a potion of heal wounds for 105 gold pieces
 98214 | Orc:1    | Bought a scroll of enchant weapon for 157 gold pieces
 98214 | Orc:1    | Bought a potion of heal wounds for 105 gold pieces
 98243 | Orc:1    | Bought a scroll of teleportation for 90 gold pieces
 98243 | Orc:1    | Bought a scroll of enchant weapon for 225 gold pieces
 98314 | Orc:2    | Bought a potion of agility for 56 gold pieces
 98314 | Orc:2    | Bought 2 potions of curing for 84 gold pieces
 98314 | Orc:2    | Bought a potion of invisibility for 112 gold pieces
 98314 | Orc:2    | Bought a potion of heal wounds for 70 gold pieces
 98314 | Orc:2    | Bought 2 potions of curing for 84 gold pieces
 98314 | Orc:2    | Bought 2 potions of curing for 84 gold pieces
 98314 | Orc:2    | Bought a potion of heal wounds for 70 gold pieces
 98314 | Orc:2    | Bought a potion of might for 56 gold pieces
 98385 | Orc:1    | Bought a scroll of fog for 60 gold pieces
 98414 | Orc:1    | Bought a sack of spiders for 420 gold pieces
 98414 | Orc:1    | Bought a phantom mirror for 630 gold pieces
 99214 | Depths:2 | Bought a scroll of holy word for 247 gold pieces
 99214 | Depths:2 | Bought a scroll of teleportation for 99 gold pieces
 99214 | Depths:2 | Bought a scroll of teleportation for 99 gold pieces
 99214 | Depths:2 | Bought a wand of digging (13) for 264 gold pieces
 99221 | Depths:2 | Bought a lightning rod (4/4) for 1320 gold pieces
 99228 | Depths:2 | Bought a ration for 65 gold pieces
 99228 | Depths:2 | Bought a ration for 65 gold pieces
 99228 | Depths:2 | Bought a ration for 65 gold pieces
 99228 | Depths:2 | Bought a ration for 65 gold pieces
 99228 | Depths:2 | Bought a ration for 65 gold pieces
 99228 | Depths:2 | Bought a ration for 65 gold pieces
 99228 | Depths:2 | Bought a ration for 65 gold pieces
 99228 | Depths:2 | Bought a ration for 65 gold pieces
 99228 | Depths:2 | Bought a ration for 65 gold pieces
 99228 | Depths:2 | Bought a ration for 65 gold pieces
100203 | Zot:5    | Entered Level 5 of the Realm of Zot
100411 | Zot:5    | Noticed an ancient lich
100424 | Zot:5    | Killed an ancient lich
100505 | Zot:5    | Noticed an orb of fire
100509 | Zot:5    | Noticed an orb of fire
100536 | Zot:5    | Noticed an ancient lich
100541 | Zot:5    | Killed an ancient lich
100617 | Zot:5    | Noticed an ancient lich
100627 | Zot:5    | Killed an ancient lich
100634 | Zot:5    | Noticed an orb of fire
100639 | Zot:5    | Gained mutation: You expend magic power (3 MP) to strengthen your wands. [an orb of fire]
100651 | Zot:5    | Killed an orb of fire
100673 | Zot:5    | Noticed an orb of fire
100690 | Zot:5    | Killed an orb of fire
100716 | Zot:5    | Received a gift from Trog
100862 | Zot:5    | Noticed an orb of fire
100881 | Zot:5    | Killed an orb of fire
100881 | Zot:5    | Reached skill level 10 in Evocations
100899 | Zot:5    | Gained mutation: You tend to lose your temper in combat. [an orb of fire]
100908 | Zot:5    | Gained mutation: You are clumsy. (Dex -2) [an orb of fire]
100916 | Zot:5    | Gained mutation: You are weak. (Str -2) [an orb of fire]
100917 | Zot:5    | Gained mutation: You are very weak. (Str -4) [an orb of fire]
100918 | Zot:5    | Gained mutation: You are somewhat resistant to further mutation. [an orb of fire]
100919 | Zot:5    | Killed an orb of fire
101181 | Zot:5    | Killed an orb of fire
101236 | Zot:5    | Noticed an ancient lich
101246 | Zot:5    | Killed an ancient lich
101344 | Zot:5    | Lost mutation: You are clumsy. (Dex -2) [potion of mutation]
101344 | Zot:5    | Lost mutation: You expend magic power (3 MP) to strengthen your wands. [potion of mutation]
101344 | Zot:5    | Lost mutation: You tend to lose your temper in combat. [potion of mutation]
101344 | Zot:5    | Lost mutation: You are occasionally teleported next to monsters. [potion of mutation]
101344 | Zot:5    | Gained mutation: You are frail. (-10% HP) [potion of mutation]
101344 | Zot:5    | Lost mutation: You are frail. (-10% HP) [potion of mutation]
101344 | Zot:5    | Gained mutation: You are partially covered in yellow scales. (AC +2) [potion of mutation]
101411 | Zot:5    | Found the +18 shield of the Gong {rElec rN+ MR+ EV-5}
101807 | Zot:5    | Got the Orb of Zot
102053 | Depths:5 | Noticed Numi Vuu the pandemonium lord
102271 | D:11     | Noticed Pyntedog the pandemonium lord
102447 | D:5      | Noticed Evim the pandemonium lord
102543 | D:$      | Escaped with the Orb!

Skill      XL: |  1  2  3  4  5  6  7  8  9 10 11 12 13 14 15 16 17 18 19 20 21 22 23 24 25 26 27 |
---------------+----------------------------------------------------------------------------------+-----
Fighting       | 4 5 6 7 9 11 12 13 16 18 20 21 22 24 25 | 25.9
Maces & Flails | 4 5 7 8 10 11 13 14 15 17 18 19 20 21 | 21.0
Armour         | 5 10 12 14 15 17 18 20 21 22 25 | 25.0
Dodging        | 3 5 8 10 11 13 15 16 19 | 19.0
Bows           | 2 6 9 10 12 13 15 17 21 | 21.0
Evocations     | 6 11 | 11.4

Action                   |  1- 3 |  4- 6 |  7- 9 | 10-12 | 13-15 | 16-18 | 19-21 | 22-24 | 25-27 || total
-------------------------+-------+-------+-------+-------+-------+-------+-------+-------+-------++-------
Melee: Mace              |   134 |   162 |       |       |       |       |       |       |       ||   296
       Flail             |       |   111 |   198 |       |       |       |       |       |       ||   309
       Dire flail        |       |       |   296 |   858 |       |    46 |       |     9 |       ||  1209
       Great mace        |       |       |       |       |  1163 |  1099 |  1137 |  1063 |  1159 ||  5621
       Demon whip        |       |       |       |       |       |    64 |       |       |       ||    64
       Morningstar       |       |       |       |       |       |    11 |       |       |       ||    11
 Fire: Shortbow          |       |       |       |       |   239 |   689 |   958 |  1056 |   627 ||  3569
       Longbow           |       |       |       |       |   169 |       |       |       |  1918 ||  2087
Invok: Berserk           |     2 |     2 |     7 |    15 |    10 |     4 |     3 |     3 |       ||    46
       Trog's Hand       |       |       |     1 |     6 |     7 |     2 |    19 |    14 |    39 ||    88
       Burn Spellbooks   |       |       |       |     1 |     1 |     2 |     3 |     2 |     3 ||    12
       Brothers in Arms  |       |       |       |       |       |       |     3 |     4 |     4 ||    11
 Abil: Fly               |       |       |       |       |       |       |       |       |     1 ||     1
       Stop Flying       |       |       |       |       |       |       |       |       |     1 ||     1
       Evoke Blink       |       |       |       |       |       |       |       |       |     1 ||     1
Evoke: Wand              |       |       |       |       |       |     3 |     4 |       |     1 ||     8
       Lamp of fire      |       |       |       |       |       |       |       |       |     1 ||     1
       Sack of spiders   |       |       |       |       |       |       |       |       |     1 ||     1
  Use: Scroll            |       |       |       |    10 |    15 |     6 |    27 |     4 |    39 ||   101
       Potion            |       |       |       |       |       |     1 |    16 |     5 |    46 ||    68
 Stab: Sleeping          |       |     1 |       |       |       |       |       |       |       ||     1
       Distracted        |       |       |       |     1 |       |     1 |       |       |     2 ||     4
       Held in net/web   |       |       |       |     2 |       |     1 |       |       |       ||     3
       Petrified         |       |       |       |       |       |     2 |     2 |       |       ||     4
       Petrifying        |       |       |       |       |       |       |     2 |       |       ||     2
       Paralysed         |       |       |       |       |       |       |     2 |       |       ||     2
       Invisible         |       |       |       |       |       |       |       |       |     4 ||     4
  Eat: Chunk             |     4 |     9 |    17 |    42 |    42 |    15 |    33 |    14 |    16 ||   192
       Ration            |       |       |     1 |     1 |     5 |    10 |     7 |    10 |    30 ||    64
Armor: Animal skin       |    62 |    40 |       |       |       |       |       |       |       ||   102
       Plate armour      |       |   164 |   418 |   103 |       |       |   367 |   951 |  1302 ||  3305
       Quicksilver drago |       |       |       |   371 |   774 |  1197 |   389 |       |       ||  2731
Dodge: Dodged            |    95 |   140 |   164 |   386 |   648 |  1182 |   969 |  1007 |  1519 ||  6110
       Deflected         |       |       |       |       |       |       |    84 |    84 |   109 ||   277
Block: Other             |       |       |       |       |    16 |   521 |   410 |   366 |   510 ||  1823
       Reflection        |       |       |       |       |     2 |    21 |    82 |    48 |    36 ||   189
